 Dungeon Crawl Stone Soup version 0.31-a0-1612-g4aaf141004 (webtiles) character file.

Game seed: 9963139622335774462

23 Essalna the Digger (level 3, -4/19 HPs)
             Began as a Gargoyle Earth Elementalist on Jan 9, 2024.
             Slain by Terence
             ... wielding a +0 morningstar
              (11 damage)
             ... on level 3 of the Dungeon.
             The game lasted 00:02:12 (847 turns).

Essalna the Digger (Gargoyle Earth Elementalist)     Turns: 847, Time: 00:02:13

Health: -4/19      AC:  5    Str: 11    XL:     3   Next: 0%
Magic:  4/6        EV: 11    Int: 17    God:
Gold:   86         SH:  0    Dex: 10    Spells: 5/6 levels left

rFire   . . .        d - +0 long sword
rCold   . . .        (no shield)
rNeg    + . .        a - +0 robe
rPois   ∞            (no helmet)
rElec   +            (no cloak)
rCorr   .            (no gloves)
SInv    .            (no boots)
Will    .....        (no amulet)
Stlth   ++           (no ring)
HPRegen 0.23/turn    (no ring)
MPRegen 0.10/turn

%: no passive effects
@: no status effects
A: sickness immunity, AC +3, negative energy resistance 1, electricity
resistance, torment resistance 1, petrification resistance
a: no special abilities


You were on level 3 of the Dungeon.
You visited 1 branch of the dungeon, and saw 3 of its levels.

You collected 86 gold pieces.

Inventory:

Hand Weapons
 d - a +0 long sword (weapon)
Armour
 a - a +0 robe (worn)
Scrolls
 f - a scroll of immolation {unknown}
 h - 2 scrolls of teleportation {unknown}
 i - a scroll of identify {unknown}
 j - a scroll of silence {unknown}
Potions
 b - a potion of magic
 c - 2 potions of degeneration {unknown}
 e - a potion of curing {unknown}
 g - a potion of heal wounds {unknown}


   Skills:
 - Level 1.5 Dodging
 - Level 2.1 Stealth
 + Level 2.4 Spellcasting
 + Level 1.9 Conjurations
 + Level 4.1 Earth Magic


You had 5 spell levels left.
You knew the following spells:

 Your Spells              Type           Power      Damage    Failure   Level
a - Sandblast             Erth           32%        2d9       3%          1

Your spell library contained the following spells:

 Spells                   Type           Power      Damage    Failure   Level
 Passwall                 Erth           16%        N/A       10%         3
 Stone Arrow              Conj/Erth      24%        3d8       16%         3
 Brom's Barrelling Bould  Conj/Erth      12%        2d4       45%         4
 Petrify                  Alch/Erth      9%         N/A       61%         4


Dungeon Overview and Level Annotations

Branches:
Dungeon (3/15)

Altars:

Shops:
D:1 [

Annotations:
D:3 Terence


Innate Abilities, Weirdness & Mutations

You are immune to sickness and miasma.
Your stone body is resilient. (AC +3)
You are immune to poison.
You resist negative energy. (rN+)
You are resistant to electric shocks. (rElec)
You are resistant to unholy torment.
You are immune to petrification.


Message History

The blast of sand hits the bat!
You kill the bat!
A frilled lizard comes into view.
The blast of sand hits the rat!
You kill the rat!
You are out of magic!
You are out of magic!
A frilled lizard is nearby!
You see here a bat corpse.
Terence the Incautious comes into view.
He is wielding a +0 morningstar.
Terence shouts!
Things that are here:
a rat corpse; an adder corpse You hit the frilled lizard.
You kill the frilled lizard!
You have reached level 3!
Your experience leads to an increase in your attributes!
Increase (S)trength, (I)ntelligence, or (D)exterity?
You feel clever. x2
You see here a bat corpse.
Terence is nearby!
Terence bares his teeth.
You see here a +0 mace.
Terence is nearby!
Terence hits you with a +0 morningstar! Terence attacks as he pursues you!
Terence hits you with a +0 morningstar.
* * * LOW HITPOINT WARNING * * *
There is a stone staircase leading down here.
Terence closely misses you.
You climb downwards.
There is a stone staircase leading up here.
The kobold shouts!
You hear a bark!
The kobold throws a poisoned dart.
The poisoned dart closely misses you.
The jackal barks! x2; You hear an angry hiss.
An adder comes into view.
The adder hisses angrily.
Terence attacks as he pursues you! Terence hits you with a +0 morningstar!
Ouch! That really hurt!
You die...
Terence says, "That felt goooood."

#.. #S. #.#
#.# #.# #.#
#.# #@# #
###@#.#
#..<..#
#.h.hh..#
#....h.K..#
#.........#
#.......^.#
#.........#
#.........#


You could see Terence, an adder, 4 jackals and a kobold.

Vanquished Creatures
  An adder (D:2)
  2 bats
  An endoplasm (D:1)
  A giant cockroach (D:1)
  2 goblins (D:1)
  2 ball pythons (D:1)
  A frilled lizard (D:2)
  A kobold (D:1)
  5 rats
16 creatures vanquished.

Notes
Turn   | Place    | Note
-------+----------+-------------------------------------------
     0 | D:1      | Essalna the Gargoyle Earth Elementalist began the quest for
                  | the Orb.
     0 | D:1      | Reached XP level 1. HP: 10/10 MP: 3/3
   263 | D:1      | Reached XP level 2. HP: 15/15 MP: 3/5
   511 | D:1      | Found Naat's Armour Emporium.
   813 | D:2      | Reached skill level 4 in Earth Magic
   816 | D:2      | Noticed Terence
   818 | D:2      | Reached XP level 3. HP: 19/19 MP: 1/6
   847 | D:3      | Slain by Terence

Illustrated notes

Levels and vault maps discovered:
D:1:      dpeg_arrival_shrine, layout_basic, serial_shops, nicolae_shop_stone
D:2:      minmay_chambers_of_ones, layout_basic, uniq_terence, uniq_robin
D:3:      layout_rooms, ebering_ghost_reflecting_pool

Skill      XL: |  1  2 |
---------------+-------+-----
Earth Magic    | 4 |  4.1
Dodging        | |  1.5
Stealth        | |  2.1
Spellcasting   | |  2.4
Conjurations   | |  1.9

Action                     || total
---------------------------++-------
  Melee: Long sword        ||     2
   Cast: Sandblast         ||    18
 Armour: Robe              ||     7
  Dodge: Dodged            ||     4

Table legend: (Time is in decaauts)
 A = Elapsed time spent in this place.
 B = Non-inter-level travel time spent in this place.
 C = Inter-level travel time spent in this place.
 D = Time resting spent in this place.
 E = Time spent auto-exploring this place.
 F = Levels seen in this place.
 G = Mean time per level.
                   A        B        C        D        E       F      G
               +--------+--------+--------+--------+--------+-----+--------+
         Total |    856 |    832 |     24 |      0 |    729 |   3 |  285.3 |
       Dungeon |    856 |    832 |     24 |      0 |    729 |   3 |  285.3 |
               +--------+--------+--------+--------+--------+-----+--------+

Top non-repeatable levels by time:
     D:1: 787 daAuts
     D:2: 67 daAuts
     D:3: 1 daAuts
